 Dungeon Crawl Stone Soup version 0.31-a0-198-g2ad674f65e (webtiles) character file.

Game seed: 2694816024378630121

75 qw the Shooter (level 4, 0/25 HPs)
             Began as a Deep Elf Hunter on June 25, 2023.
             Succumbed to their own poison gas
             ... on level 2 of the Dungeon.
             The game lasted 00:00:36 (1501 turns).

qw the Shooter (Deep Elf Hunter)                    Turns: 1501, Time: 00:00:37

Health: 0/25       AC:  6    Str:  9 (10) XL:     4   Next: 11%
Magic:  6/6        EV: 10    Int: 12 (14) God:
Gold:   137        SH:  5    Dex: 17 (18) Spells: 3/3 levels left

rFire   . . .        Y - +1 shortbow
rCold   . . .        (shield currently unavailable)
rNeg    . . .        m - +0 ring mail
rPois   .            l - +0 helmet
rElec   .            (no cloak)
rCorr   .            (no gloves)
SInv    .            (no boots)
Will    .....        e - amulet of reflection
Stlth   +            (no ring)
HPRegen 0.24/turn    (no ring)
MPRegen 0.10/turn

%: reflection
@: lethally poisoned (0 -> -4), weak-willed
A: no striking features
a: no special abilities


You were on level 2 of the Dungeon.
You visited 1 branch of the dungeon, and saw 2 of its levels.

You collected 137 gold pieces.


   Skills:
 - Level 1.5 Fighting
 + Level 7.5 Ranged Weapons
 - Level 2.4 Dodging
 - Level 1.2 Stealth


You had 3 spell levels left.
You didn't know any spells.
Your spell library was empty.

Inventory:

Hand Weapons
 Y - a +1 shortbow (weapon)
Armour
 l - a +0 helmet (worn)
 m - a +0 ring mail (worn)
Jewellery
 e - an amulet of reflection (around neck)
Potions
 d - a potion of magic {unknown}
 f - a potion of enlightenment {unknown}
 g - a potion of berserk rage {unknown}
 h - a potion of invisibility {unknown}

Dungeon Overview and Level Annotations

Branches:
Dungeon (2/15)

Altars:
Cheibriados


Message History

Done exploring.
1492 ||| DRINKING 2 fizzy blue potions.
It was a potion of degeneration.
There was something very wrong with that liquid.
You feel weakened.
You feel dopey.
You feel clumsy.
Done exploring.
1493 ||| DROPPING potion of degeneration.
You drop a potion of degeneration.
Done exploring.
(D) Dungeon
Where to? (* - list waypoints, Enter - D:2, ? - help)
What level of the Dungeon? (default 1, ? - help) Sorry, I don't know how to get there.
Enter note:
Enter note:
Enter note:
Enter note:
Enter note:
Enter note:
Enter note:
Enter note:
Enter note: Really walk into that cloud of poison gas?
You are engulfed in poison gas.
You are poisoned.
You feel very sick.
1495 ||| Stepping ~*~*~tactically~*~*~ (cloud).
You feel very sick.
Things that are here:
a potion of degeneration; a +0 leather armour
There is a lethal amount of poison in your body!
You feel very sick.
There is a lethal amount of poison in your body!
You feel very sick.
There is a lethal amount of poison in your body!
You feel sick.
There is a lethal amount of poison in your body!
You feel sick.
There is a lethal amount of poison in your body!
You feel sick.
There is a lethal amount of poison in your body!
You die...

######### #¤¤.00¤@#
#.#####.#
#.#####.###############
#.##....0....##.......#
#.##.##.####.##.#####.#
####.##.##0#
#.##.#####.#
#........0.#
#.......##.#
#.#####.####
####.##.##.# #.##....#
#.##.##.#


There were no monsters in sight!

Vanquished Creatures
  2 adders (D:2)
  A worm (D:2)
  A dart slug (D:1)
  5 ball pythons
  3 endoplasms
  2 giant cockroaches (D:1)
  6 goblins
  6 hobgoblins
  6 kobolds
  A quokka (D:2)
  8 bats
  2 frilled lizards (D:1)
  6 rats
49 creatures vanquished.

Notes
Turn   | Place    | Note
-------+----------+-------------------------------------------
     0 | D:1      | qw the Deep Elf Hunter began the quest for the Orb.
     0 | D:1      | Reached XP level 1. HP: 12/12 MP: 3/3
     0 | D:1      | 0 ||| qw: Version: 0.3-a-22-g0ed2b0b
     0 | D:1      | 0 ||| qw: Game counter: 5213
     0 | D:1      | 0 ||| qw: Melee chars always use a shield: true
     0 | D:1      | 0 ||| qw: God list: Okawaru
     0 | D:1      | 0 ||| qw: Allow faded altars: false
     0 | D:1      | 0 ||| qw: Do Orc after clearing Dungeon:15 true
     0 | D:1      | 0 ||| qw: Do second Lair branch before Depths: true
     0 | D:1      | 0 ||| qw: Lair rune preference: random
     0 | D:1      | 0 ||| qw: Goals: Normal
     0 | D:1      | 0 ||| PLANNING D:1-11
    84 | D:1      | Reached XP level 2. HP: 16/16 MP: 4/4
    89 | D:1      | Reached skill level 6 in Ranged Weapons
   424 | D:1      | Reached XP level 3. HP: 20/20 MP: 5/5
   661 | D:1      | 661 ||| READING scroll labelled LAPORY WAEKH.
   665 | D:1      | 665 ||| DROPPING scroll of butterflies.
   820 | D:2      | Reached skill level 7 in Ranged Weapons
  1168 | D:2      | Found a snail-covered altar of Cheibriados.
  1245 | D:2      | Reached XP level 4. HP: 25/25 MP: 6/6
  1467 | D:2      | 1467 ||| UPGRADING to +0 helmet.
  1472 | D:2      | 1472 ||| UPGRADING to +0 ring mail.
  1482 | D:2      | 1482 ||| DROPPING +0 leather armour.
  1483 | D:2      | 1483 ||| UPGRADING to amulet of reflection.
  1488 | D:2      | 1488 ||| READING scroll labelled HAZXOHYIMN.
  1489 | D:2      | 1489 ||| READING scroll labelled AHOOMAEQUOD.
  1490 | D:2      | 1490 ||| READING scroll labelled GUKLEALUSEZ.
  1491 | D:2      | 1491 ||| READING scroll labelled USYECEICENG.
  1492 | D:2      | 1492 ||| DRINKING 2 fizzy blue potions.
  1493 | D:2      | 1493 ||| DROPPING potion of degeneration.
  1495 | D:2      | 1495 ||| Stepping ~*~*~tactically~*~*~ (cloud).
  1497 | D:2      | HP: 4/25 [poisoned by you (poison gas)]
  1500 | D:2      | HP: 1/25 [poisoned by you (poison gas)]
  1501 | D:2      | Succumbed to their own poison gas

Levels and vault maps discovered:
D:1:      dpeg_arrival_fog, layout_basic, minmay_surrounded
D:2:      layout_loops_cross, basic_altar

Skill      XL: |  1  2  3 |
---------------+----------+-----
Ranged Weapons | 6 7 |  7.5
Fighting       | |  1.5
Dodging        | |  2.4
Stealth        | |  1.2

Action                     |  1- 3 |  4- 6 || total
---------------------------+-------+-------++-------
   Fire: Shortbow          |   122 |    14 ||   136
    Use: Scroll            |     1 |     4 ||     5
         Potion            |       |     1 ||     1
 Armour: Leather armour    |    15 |       ||    15
  Dodge: Dodged            |    21 |       ||    21

Table legend:
 A = Non-vault XP
 B = Vault XP
 C = Vault XP percentage of total XP
 D = Non-vault monster count
 E = Vault monster count
 F = Vault count percentage of total count
                 A         B        C        D         E       F
            +---------+---------+-------+---------+---------+-------
      Total |     103 |       5 |   4.6 |      47 |       2 |   4.1
            +---------+---------+-------+---------+---------+-------
        D:1 |      50 |       5 |   9.1 |      31 |       2 |   6.1
        D:2 |      53 |       0 |   0.0 |      16 |       0 |   0.0
            +---------+---------+-------+---------+---------+-------
